 Dungeon Crawl Stone Soup version 0.20.1-1-g8b1a95d (webtiles) character file.

109 McKennaii the Gusty (level 4, 0/24 HPs)
             Began as a Tengu Air Elementalist on Aug 4, 2017.
             Slain by a hound (2 damage)
             ... on level 3 of the Dungeon.
             The game lasted 00:06:48 (2317 turns).

McKennaii the Gusty (Tengu Air Elementalist)        Turns: 2317, Time: 00:06:48

Health: 0/24       AC:  2    Str:  8    XL:     4   Next: 89%
Magic:  0/9        EV: 18    Int: 16    God:
Gold:   84         SH:  0    Dex: 20    Spells: 5/8 levels left

rFire    . . .     SeeInvis .   (no weapon)
rCold    . . .     Gourm    .   (no shield)
rNeg     . . .     Faith    .   a - +0 robe
rPois    .         Spirit   .   (helmet restricted)
rElec    .         Reflect  .   (no cloak)
rCorr    .         Harm     .   (no gloves)
MR       .....                  (boots unavailable)
Stlth    +++.......             (no amulet)
Regen    0.1/turn               (no ring)
MPRegen  0.2/turn               (no ring)

@: agile
A: beak, talons 3
a: no special abilities


You were on level 3 of the Dungeon.
You were hungry.

You visited 1 branch of the dungeon, and saw 3 of its levels.

You collected 84 gold pieces.

Inventory:

Armour
 a - a +0 robe (worn)
Wands
 q - a wand of flame (25/48)
Scrolls
 e - 5 scrolls of identify {unknown}
 g - a scroll of magic mapping {unknown}
 h - a scroll of recharging {unknown}
 k - a scroll of enchant armour {unknown}
 n - a scroll of immolation {unknown}
 o - a scroll of fear {unknown}
 p - 2 scrolls of enchant weapon {unknown}
 s - a scroll of remove curse {unknown}
Potions
 d - a potion of agility
 f - a potion of berserk rage {unknown}
 i - 2 potions of invisibility {unknown}
 j - 3 potions of lignification {unknown}
 l - 2 potions of curing {unknown}
 r - a potion of degeneration {unknown}
Books
 b - a book of Air

   Spells                             Type                      Level
   a - Shock                          Conjuration/Air              1
   b - Swiftness                      Charms/Air                   2
   c - Static Discharge               Conjuration/Air              3
   d - Airstrike                      Air                          4
   e - Lightning Bolt                 Conjuration/Air              5
Comestibles
 c - 5 bread rations
 m - a royal jelly


   Skills:
 + Level 0.2 Fighting
 + Level 2.5 Dodging
 + Level 2.4 Stealth
 + Level 2.8 Spellcasting
 + Level 2.4 Conjurations
 + Level 5.5 Air Magic


You had 5 spell levels left.
You knew the following spells:

 Your Spells              Type           Power        Failure   Level  Hunger
a - Shock                 Conj/Air       ###.         3%          1    #......
b - Swiftness             Chrm/Air       ##......     10%         2    ##.....


Dungeon Overview and Level Annotations

Branches:
Dungeon (3/15)

Altars:
Makhleb
Nemelex Xobeh

Annotations:
D:3 1 runed door


Innate Abilities, Weirdness & Mutations

You have a beak for a mouth.
You have claws for feet.


Message History

Aiming: Shock
Press: ? - help, Shift-Dir - straight line, f/p - hound
Aim: a hound (almost dead)
The zap misses the hound.
The hound stops to sniff the ground.
The hound bites you. The hound bites you but does no damage.
You closely miss the hound. Your peck misses the hound.
The hound is almost dead.
The hound bites you.
* * * LOW HITPOINT WARNING * * *
The hound misses you. The hound bites you.
* * * LOW HITPOINT WARNING * * *
The hound bites you.
* * * LOW HITPOINT WARNING * * *
It was a potion of agility.
You feel agile all of a sudden. The hound bites you.
You die...

........#.......#
.....#.###.....#
...##.###.#..##
#†#...##.#..#
#...#.......#
#.#...##.#.##
#.##.###.#.#
#=#h..##.#.#
#.#@#.#.#.#.#
#.###..(.....# ##
#.#.#.#.###
#.#...##.# ##
#.## # #.# ...
#.# .#


You could see a hound.

Vanquished Creatures
  Jessica (D:2)
  A gnoll (D:1)
  2 adders (D:2)
  An ooze (D:3)
  A worm (D:2)
  A dart slug (D:2)
  A leopard gecko (D:2)
  3 ball pythons (D:1)
  4 giant cockroaches
  4 goblins
  3 hobgoblins
  4 jackals (D:2)
  3 kobolds
  2 quokkas
  8 bats
  2 frilled lizards
  5 rats
46 creatures vanquished.

Notes
Turn   | Place    | Note
-------+----------+-------------------------------------------
     0 | D:1      | McKennaii the Tengu Air Elementalist began the quest for the Orb.
     0 | D:1      | Reached XP level 1. HP: 10/10 MP: 4/4
   430 | D:1      | Reached XP level 2. HP: 4/15 MP: 0/6
   555 | D:1      | Reached XP level 3. HP: 13/19 MP: 1/7
   689 | D:1      | Found a sparkling altar of Nemelex Xobeh.
   876 | D:2      | Reached skill level 5 in Air Magic
  1453 | D:2      | Reached XP level 4. HP: 18/24 MP: 0/8
  1663 | D:2      | Found a burning altar of Makhleb.
  1861 | D:2      | Noticed Jessica
  1869 | D:2      | Killed Jessica
  2005 | D:2      | Learned a level 2 spell: Swiftness
  2053 | D:3      | Found a runed door.
  2317 | D:3      | Slain by a hound

Skill      XL: |  1  2  3  4 |
---------------+-------------+-----
Air Magic      | 5 |  5.5
Conjurations   | 2 |  2.4
Fighting       | |  0.2
Dodging        | |  2.5
Stealth        | |  2.4
Spellcasting   | |  2.8

Action                   |  1- 3 |  4- 6 || total
-------------------------+-------+-------++-------
Melee: Unarmed           |    13 |     3 ||    16
       Kick              |     3 |     1 ||     4
 Cast: Shock             |    61 |    46 ||   107
  Use: Potion            |       |     1 ||     1
  Eat: Chunk             |     2 |     3 ||     5
Armor: Robe              |     5 |     2 ||     7
Dodge: Dodged            |    21 |    13 ||    34
